Construct Section Command Post
Construct Platoon Command Post
6-pounder Anti-tank Gun Team
Construct Company Command Post
Unlock M3 Grant Medium Tanks
Selects Air and Sea Battlegroup
Selects Centaur Medium Tank
Selects Naval Bombardment
Selects Commando Section Paradrop
Commando Section Paradrop
Selects Commando Support Section Paradrop
Unlock Towed 17-pounder Anti-tank Guns
Selects Anti-tank Rocket Loiter
17-pounder Anti-tank Gun Team